 Dungeon Crawl Stone Soup version 0.30-a0-347-gf58ed5266c (webtiles) character file.

Game seed: 1398350019653868802

797 porpoise the Trooper (level 8, 0/61 HPs)
             Began as a Djinni Fire Elementalist on Nov 6, 2022.
             Slain by Pikel
             ... wielding a +2 whip of freezing
              (4 damage)
             ... on level 5 of the Dungeon.
             The game lasted 00:16:15 (4068 turns).

porpoise the Trooper (Djinni Fire Elementalist)     Turns: 4068, Time: 00:16:16

Health: 0/61       AC:  5    Str:  7    XL:     8   Next: 13%
Gold:   253        EV: 12    Int: 24    God:
                   SH:  0    Dex: 15

rFire   + . .      SeeInvis .    a - +0 dagger
rCold   . . .      Faith    .    (no shield)
rNeg    . . .      Spirit   .    g - +0 robe
rPois   ∞          Reflect  .    (no helmet)
rElec   .          Harm     .    m - +2 cloak
rCorr   .          Rampage  .    (no gloves)
Will    .....                    (boots unavailable)
Stlth   ++........               (no amulet)
HPRegen 0.30/turn                b - +6 ring of intelligence
MPRegen 0.00/turn                r - ring of Geinus {Ice rPois}

@: flying, very slightly contaminated
A: sickness immunity, fire resistance 2, cold vulnerability 1, float, innate
caster, HP casting, extra vitality 1
a: no special abilities


You were on level 5 of the Dungeon.
You visited 2 branches of the dungeon, and saw 6 of its levels.

You collected 277 gold pieces.
You spent 24 gold pieces at shops.

Inventory:

Hand Weapons
 a - a +0 dagger (weapon)
Missiles
 f - 4 javelins
 n - 18 poisoned darts
Armour
 g - a +0 robe (worn)
 m - a +2 cloak (worn)
 x - an orb of wrath
Jewellery
 b - a +6 ring of intelligence (left hand)
 d - a ring of ice
 o - a +6 ring of dexterity
 r - the ring of Geinus (right hand) {Ice rPois}
   (You found it on level 2 of the Dungeon)

   [ring of ice]

   It enhances your ice magic.
   rF:        It makes you vulnerable to fire.
   rC:        It protects you from cold.
   rPois:     It protects you from poison.
 w - a ring of ice
Wands
 e - a wand of flame (8)
Scrolls
 c - a scroll of immolation {unknown}
 h - 3 scrolls of magic mapping
 i - a scroll of blinking {unknown}
 j - a scroll of fear {unknown}
 k - a scroll of vulnerability {unknown}
 l - a scroll of amnesia {unknown}
 p - a scroll of teleportation
Potions
 q - a potion of haste
 s - a potion of mutation
 t - 2 potions of heal wounds {unknown}
 u - a potion of flight {unknown}
 v - a potion of cancellation {unknown}


   Skills:
 + Level 5.8 Fighting
 - Level 2.1 Dodging
 - Level 1.5 Stealth
 + Level 5.2 Spellcasting


You couldn't memorise any spells.
You knew the following spells:

 Your Spells              Type           Power      Damage    Failure   Level
a - Foxfire               Conj/Fire      100%       2x1d9     1%          1
b - Scorch                Fire           62%        2d8       1%          2
c - Kindle Blastsparks    Fire/Tloc/Air  62%        2d15      3%          3
d - Inner Flame           Hex/Fire       31%        N/A       3%          3
e - Flame Wave            Conj/Fire      31%        2d9       10%         4
f - Freeze                Ice            100%       1d10      1%          1
g - Blink                 Tloc           62%        N/A       1%          2
v - Poisonous Vapours     Pois/Air       62%        N/A       1%          2
Your spell library was empty.

Dungeon Overview and Level Annotations

Branches:
Dungeon (5/15)             Temple (1/1) D:4

Altars:
Ashenzari
Elyvilon
Fedhas
Nemelex Xobeh
Qazlal
Trog
Xom
Yredelemnul
The Shining One

Shops:
D:2 =   D:4 *

Annotations:
D:5 Pikel


Innate Abilities, Weirdness & Mutations

You are immune to sickness and miasma.
You are immune to poison.
Your flesh is very heat resistant. (rF++)
You are vulnerable to cold. (rC-)
You float through the air rather than walking.
You learn spells naturally, not from books.
Your magical power is your life essence.
You have superior vitality. (+4 MHP)


Message History

Pikel hits you with a +2 whip of freezing.
Pikel freezes you.
Casting: Scorch (safe; 1% risk of failure)
Confirm with . or Enter, or press ? or * to list all spells.
Casting: Flame Wave (dangerous; 10% risk of failure)
Press: ? - help, Dir - look around, f - activate You miscast Flame Wave.
You are very lightly contaminated with residual magic.
Nothing appears to happen.
Pikel barely misses you.
Unknown command.
Casting: Flame Wave (dangerous; 10% risk of failure)
Confirm with . or Enter, or press ? or * to list all spells.
Casting: Flame Wave (dangerous; 10% risk of failure)
Press: ? - help, Dir - look around, f - activate You miscast Flame Wave.
The air around you burns with energy. You resist.
Pikel hits you with a +2 whip of freezing.
Pikel freezes you.
Unknown command.
Casting: Flame Wave (dangerous; 10% risk of failure)
Confirm with . or Enter, or press ? or * to list all spells.
Casting: Flame Wave (dangerous; 10% risk of failure)
Press: ? - help, Dir - look around, f - activate A wave of flame ripples out!
The flame wave engulfs Pikel!
Pikel is burned terribly!
Pikel is heavily wounded. (Press . to intensify the flame waves.) Pikel is no longer more vulnerable to fire.
Pikel hits you with a +2 whip of freezing!
* * * LOW HITPOINT WARNING * * *
Pikel freezes you.
* * * LOW HITPOINT WARNING * * *
A wave of flame ripples out!
The flame wave engulfs Pikel.
Pikel is severely wounded.
The flame wave engulfs the lemure.
The lemure is heavily wounded.
* * * LOW HITPOINT WARNING * * *
Pikel hits you with a +2 whip of freezing!
* * * LOW HITPOINT WARNING * * *
Pikel freezes you.
You die...

#......#
##.###.##)#
#.........#
#.........#
#.........#
#.........#
#......##..
#.###### #
#@# #K#
#########5#
).......55#
#####...###
#...# #..†#
#...# ....#


You could see Pikel and 3 lemures.

Vanquished Creatures
  Grinder (D:3)
  An ice beast (D:5)
  An ogre (D:5)
  A lemure (D:5)
  A phantom (D:4)
  A bullfrog (D:4)
  A necrophage (D:4)
  2 hounds (D:5)
  An iguana (D:4)
  An orc wizard (D:5)
  A gnoll (D:4)
  An adder (D:2)
  An ufetubus (D:5)
  2 worms (D:2)
  5 dart slugs
  4 orcs (D:5)
  6 ball pythons
  2 bats
  7 endoplasms
  6 giant cockroaches
  6 goblins
  11 hobgoblins
  A quokka (D:5)
  A frilled lizard (D:1)
  11 kobolds
  A rat (D:1)
77 creatures vanquished.

Vanquished Creatures (collateral kills)
  2 foxfires (D:4)
2 creatures vanquished.

Vanquished Creatures (others)
  216 foxfires
  5 plants (D:4)
221 creatures vanquished.

Grand Total: 300 creatures vanquished

Notes
Turn   | Place    | Note
-------+----------+-------------------------------------------
     0 | D:1      | porpoise the Djinni Fire Elementalist began the quest for
                  | the Orb.
     0 | D:1      | porpoise set off with the following spells memorised:
                  | Foxfire, Scorch, Kindle Blastsparks, Inner Flame, Flame
                  | Wave.
     0 | D:1      | Reached XP level 1. HP: 15/15 MP: 0/0
   217 | D:1      | Reached XP level 2. HP: 22/22 MP: 0/0
   226 | D:1      | Reached skill level 1 in Fighting
   544 | D:1      | Reached XP level 3. HP: 21/27 MP: 0/0
   544 | D:1      | Learned a level 1 spell: Freeze
   916 | D:2      | Found a stormy altar of Qazlal.
  1035 | D:2      | Found a faded altar of an unknown god.
  1133 | D:2      | Reached XP level 4. HP: 30/33 MP: 0/0
  1203 | D:2      | Identified the ring of Geinus {Ice rPois}
  1261 | D:2      | Found Daasuaci's Jewellery Emporium.
  1795 | D:3      | Found a stormy altar of Qazlal.
  1800 | D:3      | Found a blossoming altar of Fedhas.
  1804 | D:3      | Noticed Grinder
  1806 | D:3      | Paralysed by Grinder for 3 turns
  1823 | D:3      | Killed Grinder
  1824 | D:3      | Reached XP level 5. HP: 9/41 MP: 0/0
  1824 | D:3      | Learned a level 2 spell: Blink
  1824 | D:3      | Reached XP level 6. HP: 10/47 MP: 0/0
  2812 | D:4      | Found a staircase to the Ecumenical Temple.
  2815 | D:4      | Reached XP level 7. HP: 31/53 MP: 0/0
  2815 | D:4      | Learned a level 2 spell: Poisonous Vapours
  2913 | Temple   | Entered the Ecumenical Temple
  3150 | D:4      | Found Foagec's Assorted Antiques.
  3166 | D:4      | Bought a bubbling dark potion for 24 gold pieces
  3306 | D:4      | Reached skill level 5 in Fighting
  3716 | D:5      | Entered Level 5 of the Dungeon
  3842 | D:5      | Reached skill level 5 in Spellcasting
  4026 | D:5      | Reached XP level 8. HP: 58/61 MP: 0/0
  4052 | D:5      | Noticed Pikel
  4068 | D:5      | Slain by Pikel

Illustrated notes

Levels and vault maps discovered:
D:1:      dpeg_arrival_circle_labyrinth_c, layout_basic, minmay_misc_feat_tiny,
          hangedman_decor_points
D:2:      layout_rooms, hellmonk_ecumenical_altar_prayer_group, basic_altar,
          serial_shops, nicolae_shop_behind_doors, serial_curves,
          eino_curves_02, eino_curves_02, eino_curves_02, eino_curves_01
D:3:      layout_loops_ring, grunt_temple_overflow_forces_of_nature,
          uniq_grinder
D:4:      layout_rooms, led_sif_pool, minmay_temple_entry_waves, serial_bayou,
          serial_bayou_pond_b, serial_bayou_shore_b, serial_bayou_pond_c,
          serial_bayou_lake_a, serial_bayou_ford_a, serial_bayou_lagoon_a,
          serial_shops, shop_fountains
D:5:      layout_basic, minitemple, uniq_pikel
Temple:   hellmonk_temple_forest_ring

Skill      XL: |  1  2  3  4  5  6  7 |
---------------+----------------------+-----
Fighting       | 1 2 4 5 |  5.8
Spellcasting   | 3 4 5 |  5.2
Dodging        | |  2.1
Stealth        | |  1.5

Action                   |  1- 3 |  4- 6 |  7- 9 || total
-------------------------+-------+-------+-------++-------
Melee: Dagger            |     3 |    17 |     8 ||    28
 Cast: Foxfire           |    48 |    36 |    38 ||   122
       Scorch            |       |     6 |     7 ||    13
       Freeze            |       |     2 |       ||     2
       Blink             |       |     1 |       ||     1
       Kindle Blastspark |       |       |     3 ||     3
       Flame Wave        |       |       |     1 ||     1
  Use: Potion            |       |     2 |     1 ||     3
       Scroll            |       |     5 |       ||     5
 Stab: Invisible         |       |     2 |       ||     2
       Sleeping          |       |     1 |       ||     1
Armor: Robe              |     7 |     3 |     4 ||    14
Dodge: Dodged            |     6 |    14 |     7 ||    27

Table legend: (Time is in decaauts)
 A = Elapsed time spent in this place.
 B = Non-inter-level travel time spent in this place.
 C = Inter-level travel time spent in this place.
 D = Time resting spent in this place.
 E = Time spent auto-exploring this place.
 F = Levels seen in this place.
 G = Mean time per level.
                   A        B        C        D        E       F      G
               +--------+--------+--------+--------+--------+-----+--------+
         Total |   4067 |   3704 |    363 |    436 |   2652 |   6 |  677.8 |
       Dungeon |   3908 |   3563 |    345 |    436 |   2520 |   5 |  781.6 |
        Temple |    158 |    140 |     18 |      0 |    132 |   1 |  158.0 |
               +--------+--------+--------+--------+--------+-----+--------+

Top non-repeatable levels by time:
     D:3: 1072 daAuts
     D:1: 893 daAuts
     D:4: 800 daAuts
     D:2: 789 daAuts
     D:5: 351 daAuts
  Temple: 158 daAuts
